[Event "Titled Tuesday Blitz August 23 Early 2022"]
[White "Lamaze, Simon"]
[Black "Harshavardhan G B"]
[WhiteFideId "36069264"]
[BlackFideId "25059009"]
[WhiteElo "2131"]
[BlackElo "1890"]
[Result "1-0"]
[Round "05"]
[TimeControl "180+1"]
[Date "2022.08.23"]
[WhiteClock "0:00:11"]
[BlackClock "0:00:08"]

1. d4 Nf6 2. c4 e6 3. g3 c5 4. d5 exd5 5. cxd5 d6 6. Nc3 g6 7. Bg2 Bg7 8. Nf3 O-O 9. O-O Re8 10. Re1 a6 11. a4 Nbd7 12. e4 Rb8 13. Bf4 Qc7 14. e5 dxe5 15. d6 Qb6 16. Nxe5 Qxb2 17. Rc1 Nxe5 18. Bxe5 Bg4 19. Qd3 Bf5 20. Qd1 Ng4 21. Re2 Qxc1 22. Qxc1 Bxe5 23. Nd5 Bd4 24. Rxe8+ Rxe8 25. Ne7+ Kh8 26. h3 Nxf2 27. Kh2 Bd7 28. Bxb7 Nd3 29. Qf1 Nf2 30. Bxa6 Rb8 31. Bb5 Bxh3 32. Qe2 Rd8 33. d7 Bxd7 34. Bxd7 Rxd7 35. Nc6 Kg7 36. a5 Nd3 37. a6 c4 38. Nxd4 Rxd4 39. a7 Rd8 40. Qe7 Ra8 41. Qb7 Rd8 42. a8=Q Rxa8 43. Qxa8 c3 44. Qc6 Ne5 45. Qxc3 Kf6 46. Kg2 Ke6 47. Kh3 h5 48. Kh4 Kf5 49. Qc2+ Kf6 50. Qb2 Kf5 51. Qf2+ Ke6 52. Kg5 Ng4 53. Qe2+ Kd6 54. Kf4 Kd7 55. Qa6 Ke7 56. Kg5 Kd7 57. Qb7+ Ke6 58. Qc8+ Ke7 59. Qc7+ Ke6 60. Qd8 Ne5 61. Qe8+ Kd6 62. Kf6 Ng4+ 63. Kxf7 g5 64. Kg6 h4 65. Kxg5 Ne5 66. gxh4 Nf3+ 67. Kf4 Nxh4 68. Qd8+ Ke6 69. Qxh4 Kd5 70. Qg5+ Kc6 71. Qe5 Kd7 72. Ke4 Kc6 73. Kd4 Kd7 74. Kd5 Kc8 75. Qg7 Kb8 76. Kc6 Ka8 77. Qb7# 1-0


[Site "https://www.chess.com"]

[Event "Titled Tuesday Blitz August 23 Early 2022"]
[White "Lenderman, Aleksandr"]
[Black "Ezat, Mohamed"]
[WhiteFideId "2021285"]
[BlackFideId "10600906"]
[WhiteElo "2607"]
[BlackElo "2386"]
[Result "1-0"]
[Round "05"]
[TimeControl "180+1"]
[Date "2022.08.23"]
[WhiteClock "0:00:17"]
[BlackClock "0:00:08"]

1. e4 c6 2. Nf3 d5 3. d3 Bg4 4. Nbd2 e6 5. h3 Bh5 6. g4 Bg6 7. Qe2 Nd7 8. Bg2 Bc5 9. O-O h5 10. g5 h4 11. Nb3 Bb6 12. c4 Ne7 13. Bf4 Bh5 14. Rad1 a5 15. exd5 cxd5 16. Rfe1 a4 17. Nbd2 a3 18. b4 Bc7 19. Bxc7 Qxc7 20. Nb3 O-O 21. Rc1 Qb6 22. Qd2 Ra4 23. b5 Bxf3 24. Bxf3 dxc4 25. dxc4 Nc5 26. Qd4 Rc8 27. Bg4 Qc7 28. Rcd1 Rb4 29. Qc3 Ra4 30. Nxc5 Qxc5 31. Rxe6 Rxc4 32. Qf3 fxe6 33. Bxe6+ Kh8 34. Qh5# 1-0


[Site "https://www.chess.com"]

[Event "Titled Tuesday Blitz August 23 Early 2022"]
[White "Levitskiy, Andrey"]
[Black "Belov, Vladimir"]
[WhiteFideId "14132885"]
[BlackFideId "4132394"]
[WhiteElo "2293"]
[BlackElo "2501"]
[Result "1-0"]
[Round "05"]
[TimeControl "180+1"]
[Date "2022.08.23"]
[WhiteClock "0:00:05"]
[BlackClock "0:00:02"]

1. e4 c5 2. Nf3 d6 3. d4 cxd4 4. Nxd4 Nf6 5. Nc3 a6 6. h3 e5 7. Nde2 h5 8. Bg5 Be6 9. Bxf6 Qxf6 10. Nd5 Qd8 11. Nec3 Nd7 12. a4 Rc8 13. a5 g6 14. Ra3 Bg7 15. b4 O-O 16. Bd3 Qg5 17. Ne3 f5 18. h4 Qf6 19. Ned5 Qf7 20. O-O Nf6 21. Nxf6+ Qxf6 22. exf5 gxf5 23. Be2 e4 24. Nd5 Bxd5 25. Qxd5+ Qf7 26. Qxd6 Rfd8 27. Qf4 Rxc2 28. Bd1 Rb2 29. Rg3 Kf8 30. Rg5 Bh6 31. Bxh5 Bxg5 32. Qxg5 Qe7 33. Qxf5+ Kg7 34. Qg6+ Kh8 35. Qh6+ Kg8 36. Qg6+ Kh8 37. Rc1 e3 38. Qh6+ Kg8 39. fxe3 Qg7 40. Qe6+ Kh8 41. Bf3 Rf8 42. Rc8 Rxc8 43. Qxc8+ Kh7 44. Qf5+ Kh8 45. Qh5+ Kg8 46. Bd5+ Kf8 47. Qf5+ Ke7 48. Qe6+ Kd8 49. Qb6+ Kc8 50. Be6+ Kb8 51. Qd8+ Ka7 52. Qb6+ Kb8 53. Qd6+ Ka7 54. Bd5 Rb1+ 55. Kh2 Rb2 56. Qb6+ Kb8 57. Qd6+ Ka7 58. h5 1-0


[Site "https://www.chess.com"]

[Event "Titled Tuesday Blitz August 23 Early 2022"]
[White "Livaic, Leon"]
[Black "Puranik, Abhimanyu"]
[WhiteFideId "14531534"]
[BlackFideId "5061245"]
[WhiteElo "2540"]
[BlackElo "2520"]
[Result "0-1"]
[Round "05"]
[TimeControl "180+1"]
[Date "2022.08.23"]
[WhiteClock "0:00:01"]
[BlackClock "0:01:04"]

1. d4 Nf6 2. c4 c5 3. d5 b5 4. cxb5 a6 5. bxa6 g6 6. Nc3 Bg7 7. e4 O-O 8. Nf3 Qa5 9. a7 Nxe4 10. axb8=Q Rxb8 11. Bd2 Nxd2 12. Nxd2 Rxb2 13. Na4 Rb4 14. Rc1 Rxa4 15. Bc4 Bh6 16. Rc2 Ba6 17. O-O d6 18. Bxa6 Qxa6 19. Nf3 Rxa2 20. Rxa2 Qxa2 21. Re1 Re8 22. Re2 Qc4 23. Rc2 Qb3 24. h4 Rb8 25. Qe2 Qxd5 26. Qxe7 Rb1+ 27. Kh2 Bf4+ 28. g3 Qxf3 0-1


[Site "https://www.chess.com"]

[Event "Titled Tuesday Blitz August 23 Early 2022"]
[White "Maksimovic, Bojan"]
[Black "Tologon tegin, Semetei"]
[WhiteFideId "14408120"]
[BlackFideId "13800574"]
[WhiteElo "2447"]
[BlackElo "2174"]
[Result "1-0"]
[Round "05"]
[TimeControl "180+1"]
[Date "2022.08.23"]
[WhiteClock "0:00:05"]
[BlackClock "0:00:02"]

1. e4 b6 2. d4 Bb7 3. Bd3 e6 4. Nf3 Nf6 5. Qe2 d5 6. e5 Nfd7 7. c3 c5 8. a4 Nc6 9. Na3 cxd4 10. cxd4 Nb4 11. Bb1 Ba6 12. Nb5 Be7 13. O-O O-O 14. Ra3 Re8 15. Rc3 Nf8 16. Bd2 Qd7 17. Rfc1 Rec8 18. h4 Rxc3 19. bxc3 Nc6 20. Bd3 Na5 21. Rb1 Rc8 22. h5 Nc4 23. h6 g6 24. Bc1 Bxb5 25. axb5 Qd8 26. Nh2 Nd7 27. Ng4 Qc7 28. Qa2 Qb7 29. Ra1 Rc7 30. g3 Qc8 31. Qb1 Na5 32. Bd2 Nc4 33. Be1 Nb8 34. Bxc4 dxc4 35. Qe4 Nd7 36. Kg2 Qb7 37. Qxb7 Rxb7 38. Kf3 Kf8 39. Ra4 Rc7 40. Bd2 Ke8 41. Ne3 f6 42. exf6 Nxf6 43. Rxc4 Rb7 44. Ra4 Kf7 45. Nc4 Nd7 46. Bf4 g5 47. Ne5+ Nxe5+ 48. Bxe5 Kg6 49. Bg7 Bf6 50. Bxf6 Kxf6 51. Ke4 Rc7 52. c4 Rd7 53. c5 1-0


[Site "https://www.chess.com"]

[Event "Titled Tuesday Blitz August 23 Early 2022"]
[White "Mitrabha, Guha"]
[Black "Tristan, Leonardo"]
[WhiteFideId "5057000"]
[BlackFideId "113816"]
[WhiteElo "2499"]
[BlackElo "2404"]
[Result "1-0"]
[Round "05"]
[TimeControl "180+1"]
[Date "2022.08.23"]
[WhiteClock "0:02:21"]
[BlackClock "0:00:16"]

1. c4 e6 2. Nc3 d5 3. d4 a6 4. cxd5 exd5 5. Nf3 Nf6 6. Bf4 c5 7. e3 c4 8. g3 b5 9. Bg2 Bb7 10. O-O Be7 11. Ne5 Nbd7 12. a4 b4 13. Ne2 Rb8 14. Nxd7 Nxd7 15. Bxb8 Qxb8 16. Nf4 Nf6 17. Rc1 a5 18. Qf3 O-O 19. h4 Ne4 20. Qe2 Nf6 21. g4 Bd6 22. g5 Bxf4 23. exf4 Ne4 24. Qg4 Bc8 25. f5 g6 26. Bxe4 dxe4 27. Qg3 Bxf5 28. Qxb8 Rxb8 29. Rxc4 Rd8 30. Rd1 h6 31. Rc5 hxg5 32. hxg5 Kg7 33. Kg2 Bg4 34. Rd2 Bf3+ 35. Kg3 Rh8 36. d5 Rh5 37. d6 f6 1-0


[Site "https://www.chess.com"]

[Event "Titled Tuesday Blitz August 23 Early 2022"]
[White "Molina, Roberto Junio Brito"]
[Black "Ladopoulos, Dimitrios"]
[WhiteFideId "2109450"]
[BlackFideId "4239580"]
[WhiteElo "2403"]
[BlackElo "2195"]
[Result "0-1"]
[Round "05"]
[TimeControl "180+1"]
[Date "2022.08.23"]
[WhiteClock "0:00:20"]
[BlackClock "0:00:05"]

1. d4 e6 2. Nf3 Nf6 3. e3 d5 4. Bd3 Nbd7 5. O-O Bd6 6. c4 c6 7. b3 O-O 8. Ba3 Bxa3 9. Nxa3 Qe7 10. Qc1 e5 11. Be2 e4 12. Nd2 a6 13. Qb2 Re8 14. Rae1 Nf8 15. Nab1 h5 16. Qa3 Qd8 17. Nc3 h4 18. f3 exf3 19. Bxf3 h3 20. g3 N8h7 21. Qc1 Ng5 22. Bh1 b5 23. cxd5 cxd5 24. Rxf6 gxf6 25. Nxd5 Bb7 26. Nxf6+ Qxf6 27. Bxb7 Ra7 28. Bh1 Rae7 29. Nf1 Nf3+ 30. Bxf3 Qxf3 31. Qd2 Rc7 32. Qf2 Qxf2+ 33. Kxf2 Rc2+ 34. Re2 Rec8 35. a4 Rxe2+ 36. Kxe2 Rc2+ 37. Nd2 bxa4 38. bxa4 Ra2 39. Kd3 Rxa4 40. Nf3 Ra2 41. d5 Kf8 42. e4 a5 43. e5 a4 44. d6 a3 45. Nd4 Ke8 46. Nc2 Rb2 47. Kc3 Ra2 48. Kb3 Rb2+ 49. Kc3 Rb1 50. Nxa3 Rh1 51. Kd4 Rxh2 52. Ke3 Ra2 53. Nb1 h2 54. Nc3 Ra3 0-1


[Site "https://www.chess.com"]

[Event "Titled Tuesday Blitz August 23 Early 2022"]
[White "Moroni, Luca Jr"]
[Black "Tica, Sven"]
[WhiteFideId "865834"]
[BlackFideId "14526948"]
[WhiteElo "2573"]
[BlackElo "2350"]
[Result "1-0"]
[Round "05"]
[TimeControl "180+1"]
[Date "2022.08.23"]
[WhiteClock "0:00:08"]
[BlackClock "0:00:09"]

1. d4 g6 2. c4 Bg7 3. Nc3 d6 4. e4 Nd7 5. Be3 e5 6. d5 Ne7 7. Bd3 O-O 8. Nge2 f5 9. exf5 Nxf5 10. Qd2 Nxe3 11. Qxe3 Nc5 12. Ne4 Nxe4 13. Bxe4 Qh4 14. O-O Bh6 15. Qd3 Bg4 16. f3 Bd7 17. b4 Qg5 18. Kh1 Qe3 19. Qc2 a5 20. a3 Qd2 21. Qxd2 Bxd2 22. b5 Be3 23. a4 b6 24. h3 Kg7 25. Kh2 h5 26. h4 Rf6 27. g3 Raf8 28. Kg2 Bc8 29. Rad1 R6f7 30. Bb1 Bd7 31. Be4 Bc8 32. Nc3 Bd4 33. Nb1 Bf5 34. Bxf5 gxf5 35. f4 Bc5 36. fxe5 dxe5 37. Nc3 Rg8 38. Rde1 Bd6 39. Re3 Kh6 40. Ne4 Rg4 41. Ng5 Rf6 42. Rc3 Bb4 43. Rc2 f4 44. Rf3 fxg3 45. Rxf6+ 1-0


[Site "https://www.chess.com"]

[Event "Titled Tuesday Blitz August 23 Early 2022"]
[White "Munkhgal, Gombosuren"]
[Black "Grandelius, Nils"]
[WhiteFideId "4901266"]
[BlackFideId "1710400"]
[WhiteElo "2576"]
[BlackElo "2617"]
[Result "1/2-1/2"]
[Round "05"]
[TimeControl "180+1"]
[Date "2022.08.23"]
[WhiteClock "0:00:11"]
[BlackClock "0:00:10"]

1. d4 Nf6 2. c4 e6 3. Nf3 a6 4. g3 b5 5. c5 Bb7 6. Bg2 d6 7. cxd6 Bxd6 8. O-O O-O 9. a4 Nbd7 10. Na3 Nb6 11. axb5 axb5 12. Bg5 b4 13. Nb5 Be7 14. Rxa8 Bxa8 15. Qc2 Qd7 16. Qxc7 Qxb5 17. Qxe7 Nfd5 18. Qc5 Qxe2 19. b3 h6 20. Bd2 Rc8 21. Qd6 Qb5 22. Ne5 Nf6 23. Qxb4 Qxb4 24. Bxb4 Bxg2 25. Kxg2 Nbd5 26. Bc5 Rb8 27. Rb1 Ne4 28. b4 f6 29. Nc6 Rb5 30. Ne7+ Nxe7 31. Bxe7 Kf7 32. Bc5 Nc3 33. Rb3 Nd5 34. Ra3 g5 35. Ra7+ Kg6 36. g4 h5 37. h3 hxg4 38. hxg4 f5 39. f3 fxg4 40. fxg4 Nxb4 41. Bxb4 Rxb4 42. Rd7 Rb3 43. Kf2 Kf6 44. Kg2 Rd3 45. Kf2 Rh3 46. Kg2 Ra3 47. Kf2 Ra4 48. Kf3 Ra3+ 49. Kf2 Rd3 50. Kg2 Kg6 51. Kf2 Kf6 52. Kg2 Rd2+ 53. Kf3 Ra2 54. Ke3 Rh2 55. Kf3 Rh3+ 56. Kf2 Rb3 57. Kg2 Rb5 58. Kf3 Ra5 59. Ke3 Ra3+ 60. Kf2 1/2-1/2


[Site "https://www.chess.com"]

[Event "Titled Tuesday Blitz August 23 Early 2022"]
[White "Nakamura, Hikaru"]
[Black "Chigaev, Maksim"]
[WhiteFideId "2016192"]
[BlackFideId "4108116"]
[WhiteElo "2850"]
[BlackElo "2487"]
[Result "1-0"]
[Round "05"]
[TimeControl "180+1"]
[Date "2022.08.23"]
[WhiteClock "0:02:00"]
[BlackClock "0:00:04"]

1. g3 e5 2. Bg2 Nc6 3. c4 g6 4. Nc3 Bg7 5. e3 d6 6. Nge2 h5 7. h3 h4 8. g4 f5 9. gxf5 Bxf5 10. a3 Qd7 11. b4 Nf6 12. d3 Bh6 13. Nd5 O-O 14. e4 Bxc1 15. Qxc1 Be6 16. Qg5 Qg7 17. Qxh4 Nh5 18. Rg1 Bxd5 19. exd5 e4 20. Bxe4 Qxa1+ 21. Kd2 Qb2+ 22. Ke3 Ne5 23. Qxh5 Rf6 24. f4 Re8 25. fxe5 Rxe5 26. Rxg6+ Rxg6 27. Qxg6+ Kf8 1-0


[Site "https://www.chess.com"]

[Event "Titled Tuesday Blitz August 23 Early 2022"]
[White "Namitbir Singh Walia"]
[Black "Gan-Od, Sereenen"]
[WhiteFideId "35071068"]
[BlackFideId "4901304"]
[WhiteElo "1664"]
[BlackElo "2316"]
[Result "0-1"]
[Round "05"]
[TimeControl "180+1"]
[Date "2022.08.23"]
[WhiteClock "0:00:12"]
[BlackClock "0:00:23"]

1. e4 c5 2. d4 cxd4 3. c3 dxc3 4. Nxc3 Nc6 5. Nf3 Nf6 6. Bc4 e6 7. e5 Ng4 8. Bf4 Qa5 9. Qe2 f6 10. exf6 Nxf6 11. O-O Be7 12. Rad1 O-O 13. Rfe1 a6 14. Bd6 Bxd6 15. Rxd6 Qc7 16. Red1 Ne7 17. Ne4 Nxe4 18. Qxe4 Qc5 19. b4 Qh5 20. Bb3 Nf5 21. R6d3 d5 22. Qe5 Qh6 23. Nd4 Qf6 24. Qf4 Nxd4 25. Qxd4 Qxd4 26. Rxd4 Bd7 27. f4 g6 28. g3 Rac8 29. Kf2 Kf7 30. Re1 Rc3 31. Rd2 Rfc8 32. Re3 Kf6 33. Rdd3 Rxd3 34. Rxd3 Bb5 35. Rd2 Bc4 36. Rc2 b5 37. Ke3 e5 38. fxe5+ Kxe5 39. Rf2 Bxb3 40. axb3 Rc3+ 41. Kd2 Rxb3 42. Rf7 Rb2+ 43. Kd3 Rxb4 44. Re7+ Kd6 45. Rxh7 a5 46. Ra7 a4 47. Ra6+ Kc5 48. Rxg6 Rb2 49. Ra6 Rxh2 50. g4 Rg2 51. Rf6 Rxg4 0-1


[Site "https://www.chess.com"]

[Event "Titled Tuesday Blitz August 23 Early 2022"]
[White "Ohanyan, Emin"]
[Black "Dimitrov, Atanas"]
[WhiteFideId "13312022"]
[BlackFideId "2901315"]
[WhiteElo "1927"]
[BlackElo "2624"]
[Result "0-1"]
[Round "05"]
[TimeControl "180+1"]
[Date "2022.08.23"]
[WhiteClock "0:00:02"]
[BlackClock "0:00:08"]

1. e4 c5 2. Nf3 d6 3. d4 cxd4 4. Nxd4 Nf6 5. Nc3 g6 6. Be3 Bg7 7. f3 Nc6 8. Qd2 Bd7 9. O-O-O O-O 10. h4 h5 11. Bh6 Nxd4 12. Bxg7 Kxg7 13. Qxd4 Qa5 14. Kb1 Be6 15. g4 hxg4 16. f4 Rac8 17. h5 Rh8 18. f5 gxf5 19. Nd5 Qc5 20. Qd2 Nxe4 21. h6+ Kf8 22. Qh2 Bxd5 23. h7 Bxa2+ 24. Kxa2 Qxc2 25. Qh6+ Ke8 26. Bb5+ Kd8 27. Rc1 Qd2 28. Rxc8+ Kxc8 29. Qg7 Qa5+ 30. Kb1 Qd8 31. Rc1+ Kb8 32. Qxf7 Ng5 33. Qxf5 Nxh7 34. Qxg4 Nf6 35. Qe6 Ne8 36. Bf1 Nc7 37. Qe4 d5 38. Qe5 Rf8 39. Bg2 Qd6 40. Qg7 Qf6 41. Qg3 Qf4 42. Qc3 Qd6 43. Qg7 Rd8 44. Qg4 e6 45. Qe2 a6 46. Bf3 Nb5 47. Qd3 Rc8 48. Re1 d4 49. Qe4 Rc7 50. Qg6 Ka7 51. Rxe6 Qb4 52. Qd3 Nc3+ 53. Kc2 Qa4+ 54. Kd2 Nb5 55. Re4 Qb4+ 56. Kd1 Qxb2 57. Qd2 Qb1+ 58. Ke2 Rc2 59. Rxd4 Rxd2+ 60. Rxd2 Qf5 61. Ke3 Qe5+ 62. Kf2 Nd4 63. Bg2 Qf4+ 64. Ke1 Qe3+ 65. Kd1 Nf3 66. Re2 Qg1+ 67. Kc2 Nd4+ 0-1


[Site "https://www.chess.com"]

[Event "Titled Tuesday Blitz August 23 Early 2022"]
[White "Pakleza, Zbigniew"]
[Black "Lewtak, Damian"]
[WhiteFideId "1119290"]
[BlackFideId "1141724"]
[WhiteElo "2411"]
[BlackElo "2329"]
[Result "1-0"]
[Round "05"]
[TimeControl "180+1"]
[Date "2022.08.23"]
[WhiteClock "0:00:25"]
[BlackClock "0:00:04"]

1. d4 a6 2. e4 e6 3. Nf3 d5 4. exd5 exd5 5. Bd3 Bd6 6. h3 Ne7 7. O-O Bf5 8. Re1 Bxd3 9. Qxd3 h6 10. c4 c6 11. Nc3 dxc4 12. Qxc4 O-O 13. Ne4 Nd5 14. Qb3 Ra7 15. Bd2 Bc7 16. Rad1 Nd7 17. Bc1 N7f6 18. Nc5 Nh5 19. Ne5 Nhf4 20. Qf3 Ng6 21. Nxg6 fxg6 22. Qg4 Qf6 23. Nd7 Qxf2+ 24. Kh1 Raa8 25. Nxf8 Rxf8 26. Qxg6 Kh8 27. Re8 a5 28. Rde1 Kg8 29. Rxf8+ 1-0


[Site "https://www.chess.com"]

[Event "Titled Tuesday Blitz August 23 Early 2022"]
[White "Papasimakopoulos, Alexandros"]
[Black "Dobrikov, Marco"]
[WhiteFideId "4244125"]
[BlackFideId "12950378"]
[WhiteElo "2357"]
[BlackElo "2101"]
[Result "1-0"]
[Round "05"]
[TimeControl "180+1"]
[Date "2022.08.23"]
[WhiteClock "0:00:11"]
[BlackClock "0:00:16"]

1. d4 Nf6 2. c4 g6 3. Nc3 Bg7 4. Bg5 O-O 5. e3 d6 6. Nf3 Nbd7 7. Be2 c6 8. O-O e5 9. dxe5 dxe5 10. Qc2 Qc7 11. Nd2 a5 12. a3 Re8 13. b4 axb4 14. axb4 Rxa1 15. Rxa1 Bf8 16. c5 b6 17. Nb3 bxc5 18. bxc5 Nd5 19. Ne4 f6 20. Bh4 Kg7 21. Bc4 Bb7 22. h3 Ra8 23. Rxa8 Bxa8 24. Qa2 Bb7 25. Na5 Ba8 26. Nb3 Bb7 27. Qa7 g5 28. Bg3 Qb8 29. Qa5 Be7 30. h4 h6 31. hxg5 hxg5 32. Nd6 Bxd6 33. cxd6 Qxd6 34. Qd2 Nc5 35. Qb2 Nxb3 36. Qxb3 Bc8 37. Qa2 Be6 38. Qa7+ Bf7 39. e4 Ne7 40. Bxf7 Kxf7 41. f3 Qd4+ 42. Bf2 Qxa7 43. Bxa7 Ke6 44. Kf2 Kd6 45. Ke3 c5 46. Bb6 Nc6 47. Kd3 Nb8 48. Bd8 Nd7 49. Kc4 Kc6 50. Be7 Nb6+ 51. Kc3 Nd7 52. Kd3 Kb5 53. Kc3 c4 54. g4 Kc6 55. Kb4 Kb6 56. Kxc4 Kc6 57. Kc3 Kb5 58. Kb3 Kc6 59. Kc4 Nb6+ 60. Kb4 Nd7 61. Ka5 Nc5 62. Bxf6 Nd3 63. Bxg5 Kd6 64. Bd2 Nf2 65. Kb4 Nh3 66. Be3 Ke6 67. Kc5 Kf6 68. Kd5 Nf4+ 69. Bxf4 exf4 70. e5+ 1-0


[Site "https://www.chess.com"]

[Event "Titled Tuesday Blitz August 23 Early 2022"]
[White "Paravyan, David"]
[Black "Kjartansson, David"]
[WhiteFideId "4194985"]
[BlackFideId "2301130"]
[WhiteElo "2569"]
[BlackElo "2379"]
[Result "1-0"]
[Round "05"]
[TimeControl "180+1"]
[Date "2022.08.23"]
[WhiteClock "0:00:03"]
[BlackClock "0:00:02"]

1. e4 c5 2. Nf3 Nc6 3. Nc3 e6 4. d4 cxd4 5. Nxd4 Qc7 6. Be2 a6 7. Nxc6 bxc6 8. Qd4 Nf6 9. e5 Nd5 10. O-O Bb7 11. Nxd5 cxd5 12. Bd3 Bc5 13. Qf4 f6 14. Qh4 Qxe5 15. Bf4 Qd4 16. b4 Bd6 17. Qh5+ Ke7 18. Bxd6+ Kxd6 19. Rad1 Qe5 20. Qh3 Ke7 21. Rfe1 Qg5 22. c4 Kf7 23. cxd5 Bxd5 24. Be4 Bxe4 25. Rxe4 Rad8 26. Rg4 Qf5 27. Qg3 g5 28. h3 h5 29. Rc4 Kg6 30. Qd6 Rhe8 31. Rc7 e5 32. Rxd7 Rxd7 33. Qxd7 Qxd7 34. Rxd7 Re6 35. a3 Kf5 36. g3 Rc6 37. Kg2 Ke4 38. Ra7 g4 39. h4 f5 40. a4 f4 41. gxf4 exf4 42. Re7+ Kf5 43. Rh7 Rc2 44. Rxh5+ Ke4 45. Rc5 g3 46. Rxc2 1-0


[Site "https://www.chess.com"]

[Event "Titled Tuesday Blitz August 23 Early 2022"]
[White "Piesik, Piotr"]
[Black "Drygalov, Sergey"]
[WhiteFideId "1136194"]
[BlackFideId "24171743"]
[WhiteElo "2221"]
[BlackElo "2523"]
[Result "1-0"]
[Round "05"]
[TimeControl "180+1"]
[Date "2022.08.23"]
[WhiteClock "0:00:27"]
[BlackClock "0:00:06"]

1. Nf3 d5 2. g3 g6 3. Bg2 Bg7 4. d4 Nf6 5. O-O O-O 6. c4 c6 7. Nc3 dxc4 8. a4 a5 9. e3 Na6 10. Qe2 Nb4 11. Qxc4 b6 12. Qb3 Bf5 13. Ne5 Rc8 14. e4 Qxd4 15. Nxf7 Rxf7 16. exf5 gxf5 17. Be3 Qd8 18. Rad1 Qc7 19. Qe6 Rf8 20. Qxf5 Nfd5 21. Nxd5 cxd5 22. Bxd5 Nxd5 23. Qxd5 Bxb2 24. Rb1 Bg7 25. Bxb6 Qc2 26. Qxa5 Rf5 27. Qb4 h5 28. Qb3+ Qxb3 29. Rxb3 h4 30. Kg2 Rh5 31. g4 Rg5 32. h3 Rd5 33. a5 Ra8 34. Re1 Bf6 35. Ree3 Kf7 36. Rbd3 Rb5 37. Rd7 Rc8 38. Rc7 Rg8 39. Rc5 Rb2 40. Rf5 Kg6 41. Bc5 Re8 42. Rxf6+ 1-0


[Site "https://www.chess.com"]

[Event "Titled Tuesday Blitz August 23 Early 2022"]
[White "Samadov, Read"]
[Black "Vlassov, Nikolai"]
[WhiteFideId "13417444"]
[BlackFideId "4103360"]
[WhiteElo "2084"]
[BlackElo "2324"]
[Result "1/2-1/2"]
[Round "05"]
[TimeControl "180+1"]
[Date "2022.08.23"]
[WhiteClock "0:00:18"]
[BlackClock "0:00:23"]

1. d4 Nf6 2. c4 Nc6 3. Nf3 e6 4. a3 d5 5. e3 g6 6. Nc3 Bg7 7. Be2 O-O 8. O-O b6 9. b4 dxc4 10. Bxc4 Bb7 11. Bb2 Ne7 12. Rc1 Rc8 13. Qe2 c5 14. dxc5 bxc5 15. b5 Ned5 16. Rfd1 Qa5 17. Qe1 Rfd8 18. Bf1 Nxc3 19. Rxd8+ Rxd8 20. Qxc3 Qxc3 21. Bxc3 Bxf3 22. gxf3 Rc8 23. Bc4 Nd5 24. Bxg7 Kxg7 25. a4 Nb6 26. a5 Nxc4 27. Rxc4 Kf6 28. Kf1 Ke7 29. Ke2 Kd6 30. Rc1 Rb8 31. Rd1+ Kc7 32. Rb1 Rd8 33. Rc1 Rd5 34. e4 Rh5 35. Ke3 Kb7 36. Rd1 Kc7 37. Rc1 Kb7 38. f4 c4 39. b6 axb6 40. axb6 Kxb6 41. Rxc4 Rxh2 42. Rc8 Rh3+ 43. f3 h6 44. Rf8 g5 45. Rxf7 g4 46. f5 Rxf3+ 47. Kd4 exf5 48. exf5 Kc6 49. Rf6+ Kd7 50. Rxh6 Rxf5 51. Rg6 Rf4+ 52. Ke5 Ra4 53. Kf5 Ke7 54. Rxg4 Rxg4 55. Kxg4 1/2-1/2


[Site "https://www.chess.com"]

[Event "Titled Tuesday Blitz August 23 Early 2022"]
[White "Seemann, Jakub"]
[Black "Beerdsen, Thomas"]
[WhiteFideId "21874697"]
[BlackFideId "1030108"]
[WhiteElo "2064"]
[BlackElo "2567"]
[Result "0-1"]
[Round "05"]
[TimeControl "180+1"]
[Date "2022.08.23"]
[WhiteClock "0:00:30"]
[BlackClock "0:01:23"]

1. d4 d5 2. c4 Nc6 3. Nf3 Bg4 4. cxd5 Bxf3 5. gxf3 Qxd5 6. e3 e5 7. Nc3 Bb4 8. dxe5 Bxc3+ 9. bxc3 Qxe5 10. Qb3 Nge7 11. Bb2 O-O 12. c4 Qa5+ 13. Bc3 Qf5 14. Rg1 f6 15. Be2 Ne5 16. O-O-O Rad8 17. Qxb7 Nd3+ 18. Bxd3 Rxd3 19. Bb2 Rfd8 20. Qe4 Rxd1+ 21. Rxd1 Rxd1+ 22. Kxd1 Qd7+ 23. Kc1 h6 24. Ba3 Nc6 25. Qd5+ Qxd5 26. cxd5 Ne5 27. Kd2 Nc4+ 28. Kc3 Nxa3 29. Kb4 Nc2+ 30. Kc5 Kf7 31. Kc6 Nb4+ 32. Kc5 Nxa2 33. Kc6 Nb4+ 0-1


[Site "https://www.chess.com"]

[Event "Titled Tuesday Blitz August 23 Early 2022"]
[White "Srihari L R"]
[Black "Taboas Rodriguez, Daniel"]
[WhiteFideId "46617116"]
[BlackFideId "2208466"]
[WhiteElo "2170"]
[BlackElo "2429"]
[Result "1/2-1/2"]
[Round "05"]
[TimeControl "180+1"]
[Date "2022.08.23"]
[WhiteClock "0:00:07"]
[BlackClock "0:00:15"]

1. c4 Nf6 2. Nc3 g6 3. d4 Bg7 4. g3 O-O 5. Bg2 c6 6. Nf3 d6 7. O-O Qa5 8. e4 Qh5 9. Ng5 Qxd1 10. Rxd1 Bg4 11. f3 Bd7 12. e5 Ne8 13. f4 f6 14. Nf3 Bg4 15. exf6 exf6 16. h3 Bxf3 17. Bxf3 f5 18. Be3 Nd7 19. Bf2 a6 20. Re1 Nef6 21. Re6 Ne8 22. Rae1 Rd8 23. d5 c5 24. R1e2 Ndf6 25. a3 Nc7 26. Re7 Rd7 27. Na4 Rxe7 28. Rxe7 Rf7 29. Rxf7 Kxf7 30. Nb6 Ne4 31. Bxe4 fxe4 32. b4 cxb4 33. axb4 Bc3 34. c5 Bxb4 35. cxd6 Bxd6 36. Kf1 Bb4 37. Ke2 Ba5 38. Nc4 Bb4 39. Nb6 h5 40. g4 hxg4 41. hxg4 a5 42. Bd4 Nb5 43. Be5 Bc3 44. Ke3 Bxe5 45. fxe5 Nc3 46. d6 a4 47. Kd4 a3 48. Kxc3 a2 49. Kb2 e3 50. d7 Ke7 51. Nd5+ Kxd7 52. Nxe3 Ke6 53. Kxa2 Kxe5 54. Kb3 Kf4 55. Nd5+ Kxg4 56. Ne7 g5 57. Nd5 Kf3 58. Nf6 Kf4 59. Kc4 Ke5 60. Nd7+ Kd6 61. Nf6 Kc6 62. Ne4 g4 63. Kd4 b6 64. Ke3 Kd5 65. Nf6+ Kc4 66. Nxg4 Kc3 67. Nf2 b5 68. Ne4+ Kc2 69. Kd4 b4 70. Nc5 Kb2 71. Kc4 Ka3 72. Nb3 Ka4 73. Nd4 Ka3 74. Nb3 Ka4 75. Nd4 Ka5 76. Nb3+ Ka4 1/2-1/2


[Site "https://www.chess.com"]

[Event "Titled Tuesday Blitz August 23 Early 2022"]
[White "Subelj, Jan"]
[Black "Salinas Herrera, Pablo"]
[WhiteFideId "14618583"]
[BlackFideId "3407128"]
[WhiteElo "2331"]
[BlackElo "2542"]
[Result "0-1"]
[Round "05"]
[TimeControl "180+1"]
[Date "2022.08.23"]
[WhiteClock "0:00:25"]
[BlackClock "0:00:34"]

1. Nf3 d5 2. g3 Bg4 3. Bg2 e6 4. O-O c6 5. b3 Nd7 6. Bb2 Ngf6 7. c4 Bd6 8. d3 O-O 9. Nbd2 e5 10. e4 dxe4 11. Nxe4 Nxe4 12. dxe4 Qe7 13. Qc2 Bxf3 14. Bxf3 Rfd8 15. Rad1 Nf8 16. Bg4 Bc5 17. Rxd8 Rxd8 18. Rd1 Bd4 19. Bc1 Ne6 20. h4 Qf6 21. Kg2 h6 22. Qe2 Qe7 23. h5 a6 24. f4 exf4 25. gxf4 Bb6 26. Rxd8+ Qxd8 27. Bxe6 fxe6 28. Be3 Bxe3 29. Qxe3 Qd1 30. Qf3 Qc2+ 31. Kg3 Qxa2 32. f5 exf5 33. Qxf5 Qxb3+ 34. Kh4 Qxc4 35. Qc8+ Kh7 36. Qf5+ Kh8 37. Qc8+ Qg8 38. Qxb7 Qd8+ 39. Kh3 Qe8 40. Qxa6 Qxe4 41. Qc8+ Kh7 42. Kg3 Qe5+ 43. Kf2 Qc5+ 44. Ke1 Qe5+ 45. Kf2 c5 46. Qg4 Qd4+ 47. Qxd4 cxd4 48. Kf3 g5 49. hxg6+ Kxg6 50. Ke4 Kg5 51. Kxd4 Kf4 52. Kd3 Kf3 53. Kd2 Kf2 54. Kd3 h5 55. Ke4 h4 56. Kf4 h3 0-1


[Site "https://www.chess.com"]

[Event "Titled Tuesday Blitz August 23 Early 2022"]
[White "Szpar, Milosz"]
[Black "Nasir, Zehn"]
[WhiteFideId "1184989"]
[BlackFideId "2613239"]
[WhiteElo "2422"]
[BlackElo "1993"]
[Result "1-0"]
[Round "05"]
[TimeControl "180+1"]
[Date "2022.08.23"]
[WhiteClock "0:01:48"]
[BlackClock "0:00:13"]

1. e4 c6 2. d4 d5 3. exd5 cxd5 4. Bd3 Nc6 5. c3 Qc7 6. h3 Nf6 7. Nf3 g6 8. O-O Bg7 9. Re1 O-O 10. Bg5 Bf5 11. Bf1 Ne4 12. Be3 Rab8 13. a4 a6 14. Nbd2 b5 15. axb5 axb5 16. Nb3 b4 17. c4 dxc4 18. Bxc4 Rfd8 19. Rc1 Qd7 20. Qe2 Rbc8 21. Red1 Nd6 22. Ba6 Rc7 23. Nc5 Qe8 24. d5 Nb8 25. Nd4 Nxa6 26. Nxa6 Rxc1 27. Rxc1 Bc8 28. Nxb4 Qa4 29. Ndc6 Re8 30. Bc5 Bd7 31. Nxe7+ Kh8 32. Bxd6 Qb3 33. Nbc6 Bxb2 34. Be5+ f6 35. Bxb2 1-0


[Site "https://www.chess.com"]